 Dungeon Crawl Stone Soup version 0.21-a0-536-gdbbf329 (webtiles) character file.

175198 tidbits the Martial Artist (level 17, -13/171 HPs)
             Began as a Gnoll Transmuter on Dec 13, 2017.
             Was the Champion of Cheibriados.
             Splashed by an acid blob's acid (16 damage)
             ... created by the Royal Jelly
             ... on level 5 of the Pits of Slime on Dec 14, 2017.
             The game lasted 04:04:39 (9846 turns).

tidbits the Martial Artist (Gnoll Transmuter)       Turns: 9846, Time: 04:04:40

Health: -13/171    AC: 20    Str: 29    XL:     17   Next: 46%
Magic:  17/36      EV: 33    Int: 36    God:    Cheibriados [******]
Gold:   1134       SH: 18    Dex: 36    Spells: 0/40 levels left

rFire    . . .     SeeInvis .   a - +6 broad axe (freeze)
rCold    + . .     Gourm    .   D - +2 shield {rC+}
rNeg     + . .     Faith    .   (armour currently unavailable)
rPois    ∞         Spirit   .   E - +2 helmet
rElec    +         Reflect  .   (no cloak)
rCorr    .         Harm     .   (gloves currently unavailable)
MR       +....                  (boots currently unavailable)
Stlth    +++++++...             J - amulet of magic regeneration
HPRegen  1.38/turn              X - ring of the Illusory Hells {Wiz rPois}
MPRegen  0.50/turn              U - +5 ring of protection

@: agile, statue-form, corroded, very slightly contaminated, regenerating, very
slow
A: distributed training, fangs 1, deformed body, high mp 1, sense surroundings
1, strong nose
}: 2/15 runes: decaying, serpentine
a: End Transformation, Bend Time, Temporal Distortion, Slouch, Step From Time,
Renounce Religion


You were on level 5 of the Pits of Slime.
You worshipped Cheibriados.
Cheibriados was exalted by your worship.
You were not hungry.
You were a stone statue.
You visited 7 branches of the dungeon, and saw 37 of its levels.
You also visited: Labyrinth and Ossuary.

You collected 2638 gold pieces.
You spent 1504 gold pieces at shops.

Inventory:

Hand Weapons
 a - a +6 broad axe of freezing (weapon)
   (You took it off an orc warlord on level 1 of the Orcish Mines)
 c - a +5 blowgun
Missiles
 s - 10 curare-tipped needles
 V - 246 arrows
Armour
 x - a +1 robe of the Archmagi (melded)
   (You took it off an orc sorcerer on level 2 of the Orcish Mines)
 D - a +2 shield of cold resistance (worn)
   (You took it off a gnoll sergeant on level 9 of the Dungeon)
 E - a +2 helmet (worn)
 F - the +3 pair of boots "Piwo" (melded) {Regen+ Slay+2}
   (You bought it in a shop on level 2 of the Orcish Mines)

   It affects your accuracy and damage with ranged weapons and melee attacks
   (+2).
   It increases your rate of regeneration.
 G - a +0 pair of gloves (melded)
Magical Staves
 o - an uncursed staff of earth
   (You found it on level 5 of the Dungeon)
Jewellery
 l - an uncursed ring of fire
   (You found it on level 13 of the Dungeon)
 y - a ring of the Octopus King {rN+ AC+1 EV+1 Str+1 Int+1 Dex+1}
   (You found it in a labyrinth)

   [ring of positive energy]

   It affects your AC (+1).
   It affects your evasion (+1).
   It affects your strength (+1).
   It affects your intelligence (+1).
   It affects your dexterity (+1).
   It protects you from negative energy.
 I - an uncursed ring of see invisible
   (You found it on level 14 of the Dungeon)
 J - an amulet of magic regeneration (around neck)
   (You found it in a labyrinth)
 U - a +5 ring of protection (right hand)
   (You found it on level 3 of the Lair of Beasts)
 X - the ring of the Illusory Hells (left hand) {Wiz rPois}
   (You found it in a labyrinth)

   [ring of wizardry]

   It improves your spell success rate.
   It protects you from poison.
Wands
 f - a wand of disintegration (9)
 j - a wand of iceblast (9)
 B - a wand of polymorph (7)
 C - a wand of paralysis (31)
 L - a wand of flame (44)
 Q - a wand of enslavement (17)
 S - a wand of digging (1)
 Z - a wand of acid (16)
Scrolls
 b - a scroll of identify
 e - a scroll of holy word
 h - 3 scrolls of immolation
 i - a scroll of silence
 k - a scroll of amnesia
 m - 3 scrolls of remove curse
 q - a scroll of blinking
 t - a scroll of fog
 u - a scroll of teleportation
 w - 2 scrolls of fear
 K - 6 scrolls of magic mapping
Potions
 n - 13 potions of curing
 z - 5 potions of lignification
 H - 2 potions of agility
 M - 4 potions of flight
 N - a potion of might
 O - 3 potions of mutation {!q}
 P - 3 potions of resistance
 R - 2 potions of brilliance
 W - a potion of cancellation
Books
 g - Roxanne's Collected Works on the Rocks
   (You took it off Roxanne on level 1 of the Swamp)

   Spells                             Type                      Level
   a - Sandblast                      Earth                        1
   b - Lee's Rapid Deconstruction     Earth                        5
   c - Iron Shot                      Conjuration/Earth            6
   d - Statue Form                    Transmutation/Earth          6
 r - a book of Necromancy
   (You found it on level 2 of the Swamp)

   Spells                             Type                      Level
   a - Pain                           Necromancy                   1
   b - Animate Skeleton               Necromancy                   1
   c - Vampiric Draining              Necromancy                   3
   d - Regeneration                   Charms/Necromancy            3
   e - Animate Dead                   Necromancy                   4
   f - Control Undead                 Necromancy                   4
 v - a book of Dreams
   (You found it on level 3 of the Swamp)

   Spells                             Type                      Level
   a - Ensorcelled Hibernation        Hexes/Ice                    2
   b - Silence                        Hexes/Air                    5
   c - Darkness                       Hexes                        6
   d - Shadow Creatures               Summoning                    6
 A - a book of Callings
   (You found it on level 6 of the Dungeon)

   Spells                             Type                      Level
   a - Summon Small Mammal            Summoning                    1
   b - Call Imp                       Summoning                    2
   c - Call Canine Familiar           Summoning                    3
   d - Summon Guardian Golem          Hexes/Summoning              3
   e - Summon Lightning Spire         Summoning/Air                4
   f - Summon Ice Beast               Ice/Summoning                4
 Y - a book of Battle
   (You found it on level 2 of the Snake Pit)

   Spells                             Type                      Level
   a - Infusion                       Charms                       1
   b - Shroud of Golubria             Charms/Translocation         2
   c - Song of Slaying                Charms                       2
   d - Spectral Weapon                Hexes/Charms                 3
   e - Regeneration                   Charms/Necromancy            3
Miscellaneous
 p - a lightning rod (4/4)
 T - a fan of gales
Comestibles
 d - 9 bread rations


   Skills:
 + Level 11.6 Fighting
 + Level 11.3 Short Blades
 + Level 11.3 Long Blades
 + Level 11.3 Axes
 + Level 11.3 Maces & Flails
 + Level 11.3 Polearms
 + Level 11.3 Staves
 + Level 11.3 Slings
 + Level 11.3 Bows
 + Level 11.3 Crossbows
 + Level 11.3 Throwing
 + Level 11.3 Armour
 + Level 12.1 Dodging
 + Level 11.3 Stealth
 + Level 11.3 Shields
 + Level 12.8 Unarmed Combat
 + Level 12.2 Spellcasting
 + Level 9.7 Conjurations
 + Level 9.7 Hexes
 + Level 9.7 Charms
 + Level 9.7 Summonings
 + Level 9.7 Necromancy
 + Level 9.7 Translocations
 + Level 10.4 Transmutations
 + Level 9.7 Fire Magic
 + Level 9.7 Ice Magic
 + Level 9.7 Air Magic
 + Level 9.7 Earth Magic
 + Level 9.7 Poison Magic
 + Level 12.2 Invocations
 + Level 11.3 Evocations


You couldn't memorise any spells.
You knew the following spells:

 Your Spells              Type           Power        Failure   Level  Hunger
a - Apportation           Tloc           ######       1%          1    None
b - Blink                 Tloc           N/A          1%          2    None
g - Passage of Golubria   Tloc           N/A          1%          4    None
k - Sticks to Snakes      Tmut           #######.     1%          2    None
l - Lesser Beckoning      Tloc           #######...   1%          3    None
n - Animate Skeleton      Necr           N/A          1%          1    None
r - Regeneration          Chrm/Necr      #######...   1%          3    None
s - Statue Form           Tmut/Erth      #######..    2%          6    ###....
w - Spectral Weapon       Hex/Chrm       #######.     1%          3    None
D - Lee's Rapid Deconstr  Erth           #######...   1%          5    None
L - Summon Lightning Spi  Summ/Air       #######.     1%          4    None
S - Shadow Creatures      Summ           N/A          3%          6    ###....


Dungeon Overview and Level Annotations

Branches:
Dungeon (15/15)            Temple (1/1) D:4            Lair (6/6) D:9
  Swamp (4/4) Lair:2        Snake (4/4) Lair:3        Slime (5/5) Lair:6
    Orc (2/2) D:11            Elf (0/3) Orc:2        Vaults (0/5) D:14
 Depths (0/5) D:15

Altars:
Ashenzari
Cheibriados
Dithmenos
Fedhas
Gozag
Hepliaklqana
Makhleb
Okawaru
Ru
Trog
Vehumet
Wu Jian
Zin
The Shining One

Shops:
D:7 *   Orc:1 }   Orc:2 [(=*

Portals:
Trove: D:13 (give 7 scrolls of blinking)

Annotations:
Lair:4 exclusion: lightning spire
Slime:5 Royal Jelly


Innate Abilities, Weirdness & Mutations

Your experience applies equally to all skills.
You have very sharp teeth.
Your uncanny sense of smell can sniff out nearby items.
Armour fits poorly on your strangely shaped body.
You have an increased reservoir of magic. (+10% MP)
You passively map a small area around you.


Message History

Okay, then.
Unknown command.
Unknown command.
Okay, then.
Okay, then.
Unknown command.
Unknown command.
Okay, then.
Okay, then.
Unknown command.
Okay, then.
Okay, then.
Okay, then.
Okay, then.
Unknown command.
Unknown command.
Casting: Regeneration
Confirm with . or Enter, or press ? or * to list all spells.
Wisps of shadow whirl around you...
Casting: Shadow Creatures
Confirm with . or Enter, or press ? or * to list all spells.
Wisps of shadow whirl around you...
Casting: Shadow Creatures
Confirm with . or Enter, or press ? or * to list all spells.
You blink.
Unknown command.
Unknown command.
Press: ? - help, v - describe, . - travel The floor.
Unknown command.
Casting: Blink
Confirm with . or Enter, or press ? or * to list all spells.
You blink.
You are splashed with acid!
The walls burn you!
* * * LOW HITPOINT WARNING * * *
Unknown command.
Casting: Blink
Confirm with . or Enter, or press ? or * to list all spells.
You blink.
Your acid blob hits the Royal Jelly!!
The Royal Jelly is splashed with acid.
The acid corrodes the Royal Jelly!
The Royal Jelly shudders.
The Royal Jelly spits out another jelly.
Two slime creatures merge to form a large slime creature.
You block the Royal Jelly's attack. The Royal Jelly completely misses you.
The great orb of eyes gazes at you.
You struggle to resist.
Your acid blob hits the Royal Jelly!
The Royal Jelly is splashed with acid.
The Royal Jelly shudders.
The Royal Jelly spits out another jelly.
You block the Royal Jelly's attack. x2
Okay, then.
Unknown command.
Blink to where?
Press: ? - help, Dir - move target cursor You are very lightly contaminated with residual magic.
As you read the scroll of blinking, it crumbles to dust.
Your acid blob hits the Royal Jelly!!!
The Royal Jelly is splashed with acid.
The Royal Jelly shudders violently.
The Royal Jelly spits out three more jellies.
Okay, then.
Unknown command.
Okay, then.
Evoke which item? (* to show all) (? for menu, Esc to quit)
Okay, then.
Unknown command.
Okay, then.
Unknown command.
Unknown command.
Search for what [Enter for "cloak", or ? for help]? controlled blink Unknown command.
Okay, then.
Unknown command.
Blink to where?
Press: ? - help, Dir - move target cursor
As you read the scroll of blinking, it crumbles to dust.
Your passage of Golubria closes with a snap!
The acid blob spits acid at you. The splash of acid misses you.
A great orb of eyes comes into view.
The acid blob spits acid at you. The splash of acid hits you!
* * * LOW HITPOINT WARNING * * *
You are splashed with acid!
The acid burns!
* * * LOW HITPOINT WARNING * * *
The acid blob quivers.
Blink to where?
Press: ? - help, Dir - move target cursor
As you read the scroll of blinking, it crumbles to dust.
The acid blob spits acid at you. The splash of acid hits you!
* * * LOW HITPOINT WARNING * * *
The acid corrodes you!
You are splashed with acid!
The acid burns!
* * * LOW HITPOINT WARNING * * *
The acid blob spits acid at you. The splash of acid hits you!
The acid corrodes you!
You are splashed with acid!
The acid burns!
* * * LOW HITPOINT WARNING * * *
The acid blob spits acid at you. The splash of acid hits you!
* * * LOW HITPOINT WARNING * * *
You are splashed with acid!
The acid burns!
You die...

......................
..........G.............
..............J..........
.........G........J......
,
...............J.........
.........J.J............#
*
........................#
**
...........§...........##
* ,
........8...........####
#.............#.#####
##..........#####
##.....#.##.#
#####.###*## ###


You could see 2 acid blobs, 2 azure jellies, a great orb of eyes (wandering) and
a glowing orange brain.

Vanquished Creatures
  Vashnia (Snake:3)
  A tentacled monstrosity (Swamp:4)
  Rupert (Lair:4)
  5 acid blobs
  3 thorn hunters
  The ghost of Typee the Scorcher, an adept OpFE of Sif Muna (Snake:3)
  2 azure jellies
  Roxanne (Swamp:1)
  4 nagarajas
  An orc warlord (Orc:2)
  Snorg (Orc:1)
  2 great orbs of eyes
  6 naga warriors
  8 hydras
  4 anacondas
  A ghost crab (Swamp:3)
  3 two-headed ogres
  3 centaur warriors
  3 catoblepae (Lair:6)
  2 dancing weapons
  3 alligators
  5 shock serpents
  6 death yaks
  7 naga sharpshooters
  3 orc high priests (Orc:2)
  Sonja (Orc:1)
  5 spriggans
  4 sea snakes (Snake:4)
  3 spriggan druids (Swamp:4)
  4 swamp dragons (Swamp:4)
  2 orc knights
  2 naga ritualists
  A shambling mangrove (Swamp:2)
  4 ugly things
  Pikel (D:8)
  3 mana vipers
  A deep elf mage (D:14)
  A shining eye (Slime:5)
  6 elephants (Lair:6)
  4 orc sorcerers (Orc:2)
  3 cyclopes
  A manticore (D:15)
  4 naga magi
  Psyche (D:9)
  10 black mambas
  An eye of devastation (Slime:4)
  5 spiny frogs
  6 guardian serpents (Snake:4)
  5 komodo dragons
  2 centaur skeletons
  3 rime drakes
  A guardian mummy (D:13)
  11 hornets
  4 trolls
  A polar bear (Lair:6)
  A wolf spider simulacrum (D:14)
  2 bog bodies
  38 slime creatures
  6 hippogriffs
  5 blink frogs
  A redback (Lab)
  3 shadows
  4 wyverns
  Sigmund (D:5)
  31 yaks
  3 basilisks
  2 hungry ghosts
  7 vampire mosquitoes
  10 swamp worms
  3 wargs
  27 nagas
  Edmund (D:6)
  3 acid dragons
  A soldier ant (D:8)
  7 water moccasins
  15 insubstantial wisps
  5 porcupines
  32 orc warriors
  A black bear (D:11)
  Duvessa (D:6)
  6 swamp drakes
  A sky beast (D:11)
  2 ice beasts
  2 wolves (D:9)
  6 centaurs
  2 eyes of draining
  9 ogres
  11 crocodiles
  2 big kobolds
  Blork the orc (D:5)
  3 gnoll sergeants
  A wyvern zombie (D:7)
  10 bullfrogs
  Dowan (D:6)
  2 scorpions
  A wyvern skeleton (D:8)
  2 electric eels (D:9)
  A howler monkey (D:4)
  3 crimson imps
  A centaur zombie (D:7)
  6 hounds
  4 jellies
  13 orc priests
  A gnoll shaman (D:7)
  23 orc wizards
  3 iguanas
  9 worker ants
  2 killer bee zombies
  3 hound skeletons
  A hound zombie (D:11)
  13 mummies (Ossuary)
  4 adders
  16 gnolls
  3 shadow imps
  An adder zombie (D:7)
  A worm (D:8)
  4 leopard geckos
  65 orcs
  3 ball pythons (D:4)
  5 bats
  2 goblins
  4 hobgoblins
  6 jackals
  A quokka (D:6)
  2 frilled lizards
  2 gnoll skeletons (Ossuary)
  A goblin skeleton (Ossuary)
  A goblin zombie (D:8)
  A hobgoblin zombie (D:8)
  A jackal skeleton (D:6)
  15 kobolds
  3 kobold skeletons (Ossuary)
  2 orc skeletons
  An orc zombie (D:8)
  A quokka zombie (D:7)
  3 rats
  11 rat skeletons (Ossuary)
691 creatures vanquished.

Vanquished Creatures (collateral kills)
  An orc warlord (Orc:1)
  A great orb of eyes (Slime:2)
  A minotaur (Lab)
  2 hydras
  A naga warrior (Snake:4)
  An anaconda (Snake:2)
  An ice dragon (D:10)
  A centaur warrior (D:13)
  2 death yaks (Lair:6)
  2 alligators
  Urug (Lair:4)
  A naga sharpshooter (Snake:4)
  A salamander mystic (Snake:4)
  6 sea snakes (Snake:4)
  2 swamp dragons (Swamp:4)
  A lindwurm (Lair:3)
  2 orc knights (Orc:2)
  An ugly thing (D:15)
  A cyclops (D:12)
  2 orc sorcerers (Orc:2)
  3 shining eyes
  2 manticores (Lair:6)
  3 elephants (Lair:6)
  2 guardian serpents (Snake:4)
  3 naga magi
  2 black mambas
  2 rime drakes (Swamp:4)
  2 spiny frogs
  An eye of devastation (Slime:4)
  A komodo dragon (Lair:6)
  3 trolls
  A hornet (D:12)
  3 blink frogs
  12 slime creatures
  2 spriggans
  3 shadows (Lab)
  12 yaks
  A basilisk (D:12)
  A warg (Orc:2)
  A hungry ghost (Lab)
  21 nagas
  A swamp worm (Swamp:1)
  2 water moccasins (Lair:6)
  3 swamp drakes
  9 orc warriors
  An eye of draining (Slime:5)
  An ogre (Orc:2)
  3 centaurs (D:14)
  A big kobold (D:7)
  A bullfrog (Lair:1)
  2 gnoll sergeants
  7 killer bees
  2 crimson imps
  A quasit (D:8)
  3 jellies
  A hound (D:9)
  6 orc priests
  A bullfrog skeleton (D:6)
  6 orc wizards
  2 worker ants
  7 gnolls
  2 shadow imps
  34 orcs
  5 hobgoblins (D:7)
  2 quokkas
  2 goblin skeletons
  2 hobgoblin zombies (D:8)
  5 kobolds (D:7)
  A kobold zombie (D:8)
  An orc zombie (D:8)
  A quokka zombie (D:7)
  A fungus (Lair:1)
  A plant (Lair:3)
229 creatures vanquished.

Vanquished Creatures (others)
  A naga (Snake:3)
  A slave (D:8)
  2 orcs (Orc:2)
  A giant cockroach (D:8)
  4 fungi
  4 plants
  2 spectral weapons
15 creatures vanquished.

Grand Total: 935 creatures vanquished

Notes
Turn   | Place    | Note
-------+----------+-------------------------------------------
     0 | D:1      | tidbits the Gnoll Transmuter began the quest for the Orb.
     0 | D:1      | Reached XP level 1. HP: 17/17 MP: 6/6
   218 | D:2      | Reached XP level 2. HP: 23/23 MP: 7/7
   222 | D:2      | Learned a level 2 spell: Sticks to Snakes
   542 | D:2      | Found a shadowy altar of Dithmenos.
   605 | D:2      | You fall through a shaft!
   628 | D:3      | Reached XP level 3. HP: 26/28 MP: 3/9
   688 | D:3      | Learned a level 3 spell: Spider Form
   724 | D:3      | Reached skill level 5 in Spellcasting
   815 | D:3      | Found an opulent altar of Gozag.
  1052 | D:4      | Noticed a centaur
  1058 | D:4      | Killed a centaur
  1058 | D:4      | Reached skill level 1 in Short Blades
  1058 | D:4      | Reached skill level 1 in Long Blades
  1058 | D:4      | Reached skill level 1 in Axes
  1058 | D:4      | Reached skill level 1 in Maces & Flails
  1058 | D:4      | Reached skill level 1 in Polearms
  1058 | D:4      | Reached skill level 1 in Staves
  1058 | D:4      | Reached skill level 1 in Slings
  1058 | D:4      | Reached skill level 1 in Bows
  1058 | D:4      | Reached skill level 1 in Crossbows
  1058 | D:4      | Reached skill level 1 in Throwing
  1058 | D:4      | Reached skill level 1 in Armour
  1058 | D:4      | Reached skill level 1 in Stealth
  1058 | D:4      | Reached skill level 1 in Shields
  1058 | D:4      | Reached skill level 1 in Conjurations
  1058 | D:4      | Reached skill level 1 in Hexes
  1058 | D:4      | Reached skill level 1 in Charms
  1058 | D:4      | Reached skill level 1 in Summonings
  1058 | D:4      | Reached skill level 1 in Necromancy
  1058 | D:4      | Reached skill level 1 in Translocations
  1058 | D:4      | Reached skill level 1 in Fire Magic
  1058 | D:4      | Reached skill level 1 in Ice Magic
  1058 | D:4      | Reached skill level 1 in Air Magic
  1058 | D:4      | Reached skill level 1 in Earth Magic
  1058 | D:4      | Reached skill level 1 in Poison Magic
  1058 | D:4      | Reached skill level 1 in Invocations
  1058 | D:4      | Reached skill level 1 in Evocations
  1058 | D:4      | Reached XP level 4. HP: 34/34 MP: 7/11
  1066 | D:4      | Found a staircase to the Ecumenical Temple.
  1071 | D:4      | Reached XP level 5. HP: 40/40 MP: 7/12
  1099 | Temple   | Entered the Ecumenical Temple
  1115 | Temple   | Became a worshipper of Cheibriados the Contemplative
  1199 | D:4      | Reached skill level 3 in Fighting
  1199 | D:4      | Reached skill level 4 in Transmutations
  1287 | D:5      | Entered Level 5 of the Dungeon
  1345 | D:5      | Noticed a centaur
  1357 | D:5      | Killed a centaur
  1357 | D:5      | Reached skill level 2 in Invocations
  1357 | D:5      | Reached XP level 6. HP: 47/47 MP: 11/14
  1366 | D:5      | Noticed Blork the orc
  1376 | D:5      | Killed Blork the orc
  1376 | D:5      | Reached skill level 2 in Short Blades
  1376 | D:5      | Reached skill level 2 in Long Blades
  1376 | D:5      | Reached skill level 2 in Axes
  1376 | D:5      | Reached skill level 2 in Maces & Flails
  1376 | D:5      | Reached skill level 2 in Polearms
  1376 | D:5      | Reached skill level 2 in Staves
  1376 | D:5      | Reached skill level 2 in Slings
  1376 | D:5      | Reached skill level 2 in Bows
  1376 | D:5      | Reached skill level 2 in Crossbows
  1376 | D:5      | Reached skill level 2 in Throwing
  1376 | D:5      | Reached skill level 2 in Armour
  1376 | D:5      | Reached skill level 5 in Dodging
  1376 | D:5      | Reached skill level 2 in Stealth
  1376 | D:5      | Reached skill level 2 in Shields
  1376 | D:5      | Reached skill level 2 in Evocations
  1501 | D:5      | Gained mutation: You have an increased reservoir of magic. (+10% MP) [potion of mutation]
  1501 | D:5      | Gained mutation: You passively map a small area around you. [potion of mutation]
  1519 | D:5      | Noticed Sigmund
  1529 | D:5      | Killed Sigmund
  1529 | D:5      | Reached skill level 7 in Unarmed Combat
  1529 | D:5      | Reached XP level 7. HP: 29/52 MP: 8/16
  1578 | D:5      | Reached * piety under Cheibriados
  1578 | D:5      | Reached skill level 2 in Conjurations
  1578 | D:5      | Reached skill level 2 in Hexes
  1578 | D:5      | Reached skill level 2 in Charms
  1578 | D:5      | Reached skill level 2 in Summonings
  1578 | D:5      | Reached skill level 2 in Necromancy
  1578 | D:5      | Reached skill level 2 in Translocations
  1578 | D:5      | Reached skill level 2 in Fire Magic
  1578 | D:5      | Reached skill level 2 in Ice Magic
  1578 | D:5      | Reached skill level 2 in Air Magic
  1578 | D:5      | Reached skill level 2 in Earth Magic
  1578 | D:5      | Reached skill level 2 in Poison Magic
  1725 | D:6      | Reached skill level 3 in Invocations
  1741 | D:6      | Reached XP level 8. HP: 38/60 MP: 13/18
  1870 | D:6      | Reached skill level 4 in Fighting
  1873 | D:6      | Reached skill level 3 in Short Blades
  1873 | D:6      | Reached skill level 3 in Long Blades
  1873 | D:6      | Reached skill level 3 in Axes
  1873 | D:6      | Reached skill level 3 in Maces & Flails
  1873 | D:6      | Reached skill level 3 in Polearms
  1873 | D:6      | Reached skill level 3 in Staves
  1873 | D:6      | Reached skill level 3 in Slings
  1873 | D:6      | Reached skill level 3 in Bows
  1873 | D:6      | Reached skill level 3 in Crossbows
  1873 | D:6      | Reached skill level 3 in Throwing
  1873 | D:6      | Reached skill level 3 in Armour
  1873 | D:6      | Reached skill level 3 in Stealth
  1873 | D:6      | Reached skill level 3 in Shields
  1873 | D:6      | Reached skill level 3 in Evocations
  1960 | D:6      | Noticed Duvessa
  1961 | D:6      | Noticed Dowan
  1971 | D:6      | Killed Duvessa
  1971 | D:6      | Reached ** piety under Cheibriados
  1971 | D:6      | Reached skill level 6 in Spellcasting
  1977 | D:6      | Killed Dowan
  2081 | D:6      | Found a sand-covered staircase.
  2099 | Ossuary  | Entered an ossuary
  2328 | Ossuary  | Reached skill level 4 in Invocations
  2417 | Ossuary  | Learned a level 4 spell: Summon Lightning Spire
  2443 | D:6      | Reached skill level 3 in Conjurations
  2443 | D:6      | Reached skill level 3 in Hexes
  2443 | D:6      | Reached skill level 3 in Charms
  2443 | D:6      | Reached skill level 3 in Summonings
  2443 | D:6      | Reached skill level 3 in Necromancy
  2443 | D:6      | Reached skill level 3 in Translocations
  2443 | D:6      | Reached skill level 3 in Fire Magic
  2443 | D:6      | Reached skill level 3 in Ice Magic
  2443 | D:6      | Reached skill level 3 in Air Magic
  2443 | D:6      | Reached skill level 3 in Earth Magic
  2443 | D:6      | Reached skill level 3 in Poison Magic
  2449 | D:6      | Learned a level 4 spell: Ice Form
  2450 | D:6      | Noticed Edmund
  2467 | D:6      | Killed Edmund
  2467 | D:6      | Reached skill level 6 in Dodging
  2467 | D:6      | Reached XP level 9. HP: 46/66 MP: 17/20
  2495 | D:6      | Reached skill level 5 in Transmutations
  2572 | D:6      | Reached *** piety under Cheibriados
  2942 | D:7      | Reached skill level 4 in Short Blades
  2942 | D:7      | Reached skill level 4 in Long Blades
  2942 | D:7      | Reached skill level 4 in Axes
  2942 | D:7      | Reached skill level 4 in Maces & Flails
  2942 | D:7      | Reached skill level 4 in Polearms
  2942 | D:7      | Reached skill level 4 in Staves
  2942 | D:7      | Reached skill level 4 in Slings
  2942 | D:7      | Reached skill level 4 in Bows
  2942 | D:7      | Reached skill level 4 in Crossbows
  2942 | D:7      | Reached skill level 4 in Throwing
  2942 | D:7      | Reached skill level 4 in Armour
  2942 | D:7      | Reached skill level 4 in Stealth
  2942 | D:7      | Reached skill level 4 in Shields
  2942 | D:7      | Reached skill level 4 in Evocations
  3051 | D:7      | Reached skill level 5 in Fighting
  3081 | D:7      | Reached **** piety under Cheibriados
  3122 | D:7      | Found a shattered altar of Ashenzari.
  3222 | D:7      | Learned a level 2 spell: Blink
  3227 | D:7      | Reached skill level 8 in Unarmed Combat
  3233 | D:7      | Found Pisoxo's General Store.
  3242 | D:7      | Bought a wand of acid (8) for 264 gold pieces
  3242 | D:7      | Bought a scroll of remove curse for 33 gold pieces
  3269 | D:8      | Noticed a two-headed ogre
  3283 | D:8      | Killed a two-headed ogre
  3283 | D:8      | Reached skill level 5 in Invocations
  3332 | D:7      | Found an iron altar of Okawaru.
  3357 | D:7      | Got a scorched hand axe
  3358 | D:7      | Identified the cursed +1 hand axe of Anguish {pain, rF+} (You found it on level 7 of the Dungeon)
  3421 | D:7      | Reached XP level 10. HP: 42/74 MP: 10/22
  3434 | D:7      | Reached skill level 7 in Spellcasting
  3498 | D:8      | Reached ***** piety under Cheibriados
  3521 | D:8      | Noticed a two-headed ogre
  3532 | D:8      | Killed a two-headed ogre
  3532 | D:8      | Reached skill level 5 in Short Blades
  3532 | D:8      | Reached skill level 5 in Long Blades
  3532 | D:8      | Reached skill level 5 in Axes
  3532 | D:8      | Reached skill level 5 in Maces & Flails
  3532 | D:8      | Reached skill level 5 in Polearms
  3532 | D:8      | Reached skill level 5 in Staves
  3532 | D:8      | Reached skill level 5 in Slings
  3532 | D:8      | Reached skill level 5 in Bows
  3532 | D:8      | Reached skill level 5 in Crossbows
  3532 | D:8      | Reached skill level 5 in Throwing
  3532 | D:8      | Reached skill level 5 in Armour
  3532 | D:8      | Reached skill level 5 in Stealth
  3532 | D:8      | Reached skill level 5 in Shields
  3532 | D:8      | Reached skill level 4 in Conjurations
  3532 | D:8      | Reached skill level 4 in Hexes
  3532 | D:8      | Reached skill level 4 in Charms
  3532 | D:8      | Reached skill level 4 in Summonings
  3532 | D:8      | Reached skill level 4 in Necromancy
  3532 | D:8      | Reached skill level 4 in Translocations
  3532 | D:8      | Reached skill level 4 in Fire Magic
  3532 | D:8      | Reached skill level 4 in Ice Magic
  3532 | D:8      | Reached skill level 4 in Air Magic
  3532 | D:8      | Reached skill level 4 in Earth Magic
  3532 | D:8      | Reached skill level 4 in Poison Magic
  3532 | D:8      | Reached skill level 5 in Evocations
  3541 | D:8      | Found a glowing golden altar of the Shining One.
  3649 | D:8      | Noticed Pikel
  3654 | D:8      | Killed Pikel
  3671 | D:8      | Reached skill level 7 in Dodging
  3824 | D:9      | Noticed Psyche
  3844 | D:9      | Killed Psyche
  3859 | D:9      | Reached skill level 6 in Fighting
  3882 | D:9      | Found a staircase to the Lair.
  3920 | D:9      | Got a bloodstained leather armour
  3932 | D:9      | Identified the +3 leather armour of Ennui {+Inv} (You found it on level 9 of the Dungeon)
  4009 | D:10     | Entered Level 10 of the Dungeon
  4047 | D:10     | Reached skill level 6 in Transmutations
  4047 | D:10     | Reached skill level 6 in Invocations
  4091 | D:9      | Found a glowing silver altar of Zin.
  4091 | D:9      | Found a burning altar of Makhleb.
  4141 | D:10     | Learned a level 5 spell: Blade Hands
  4143 | D:10     | Learned a level 1 spell: Apportation
  4145 | D:10     | Learned a level 1 spell: Animate Skeleton
  4163 | D:10     | Noticed an ice dragon
  4171 | D:10     | Killed an ice dragon
  4171 | D:10     | Reached XP level 11. HP: 72/82 MP: 16/24
  4291 | D:11     | Found a staircase to the Orcish Mines.
  4316 | Orc:1    | Entered Level 1 of the Orcish Mines
  4413 | D:11     | Reached ****** piety under Cheibriados
  4473 | D:11     | Reached skill level 9 in Unarmed Combat
  4474 | D:11     | Reached skill level 6 in Short Blades
  4474 | D:11     | Reached skill level 6 in Long Blades
  4474 | D:11     | Reached skill level 6 in Axes
  4474 | D:11     | Reached skill level 6 in Maces & Flails
  4474 | D:11     | Reached skill level 6 in Polearms
  4474 | D:11     | Reached skill level 6 in Staves
  4474 | D:11     | Reached skill level 6 in Slings
  4474 | D:11     | Reached skill level 6 in Bows
  4474 | D:11     | Reached skill level 6 in Crossbows
  4474 | D:11     | Reached skill level 6 in Throwing
  4474 | D:11     | Reached skill level 6 in Armour
  4474 | D:11     | Reached skill level 6 in Stealth
  4474 | D:11     | Reached skill level 6 in Shields
  4474 | D:11     | Reached skill level 6 in Evocations
  4481 | D:11     | Reached skill level 5 in Conjurations
  4481 | D:11     | Reached skill level 5 in Hexes
  4481 | D:11     | Reached skill level 5 in Charms
  4481 | D:11     | Reached skill level 5 in Summonings
  4481 | D:11     | Reached skill level 5 in Necromancy
  4481 | D:11     | Reached skill level 5 in Translocations
  4481 | D:11     | Reached skill level 5 in Fire Magic
  4481 | D:11     | Reached skill level 5 in Ice Magic
  4481 | D:11     | Reached skill level 5 in Air Magic
  4481 | D:11     | Reached skill level 5 in Earth Magic
  4481 | D:11     | Reached skill level 5 in Poison Magic
  4569 | D:12     | Noticed a cyclops
  4575 | D:12     | Killed a cyclops
  4575 | D:12     | Reached skill level 8 in Spellcasting
  4599 | D:11     | Noticed a red ugly thing
  4603 | D:11     | Killed a red ugly thing
  4654 | D:11     | Learned a level 3 spell: Mephitic Cloud
  4751 | Orc:1    | Noticed an orc warlord
  4762 | Orc:1    | Killed an orc warlord
  4762 | Orc:1    | Reached skill level 7 in Fighting
  4762 | Orc:1    | Reached skill level 8 in Dodging
  4762 | Orc:1    | Reached skill level 7 in Invocations
  4884 | Orc:1    | Noticed a cyclops
  4909 | Orc:1    | Killed a cyclops
  4970 | Orc:2    | Entered Level 2 of the Orcish Mines
  4976 | Orc:2    | Noticed an orc high priest
  4977 | Orc:2    | Noticed Sonja
  4982 | Orc:2    | Noticed an orc sorcerer
  4983 | Orc:1    | Killed Sonja
  5049 | Orc:1    | Found Wipp's Gadget Boutique.
  5054 | Orc:1    | Bought a wand of paralysis (14) for 272 gold pieces
  5077 | Orc:2    | Reached XP level 12. HP: 89/91 MP: 11/26
  5079 | Orc:2    | Noticed an orc high priest
  5079 | Orc:2    | Killed an orc high priest
  5082 | Orc:2    | Noticed a sun demon
  5089 | Orc:2    | Killed an orc high priest
  5089 | Orc:2    | Reached skill level 7 in Transmutations
  5091 | Orc:2    | Reached skill level 7 in Short Blades
  5091 | Orc:2    | Reached skill level 7 in Long Blades
  5091 | Orc:2    | Reached skill level 7 in Axes
  5091 | Orc:2    | Reached skill level 7 in Maces & Flails
  5091 | Orc:2    | Reached skill level 7 in Polearms
  5091 | Orc:2    | Reached skill level 7 in Staves
  5091 | Orc:2    | Reached skill level 7 in Slings
  5091 | Orc:2    | Reached skill level 7 in Bows
  5091 | Orc:2    | Reached skill level 7 in Crossbows
  5091 | Orc:2    | Reached skill level 7 in Throwing
  5091 | Orc:2    | Reached skill level 7 in Armour
  5091 | Orc:2    | Reached skill level 7 in Stealth
  5091 | Orc:2    | Reached skill level 7 in Shields
  5091 | Orc:2    | Reached skill level 7 in Evocations
  5189 | Orc:2    | Found Faommot's Antique Armour Shop.
  5205 | Orc:2    | Found a staircase to the Elven Halls.
  5230 | Orc:2    | Found Liacevua's Jewellery Boutique.
  5246 | Orc:2    | Noticed an orc high priest
  5247 | Orc:2    | Noticed an orc warlord
  5249 | Orc:2    | Reached skill level 6 in Conjurations
  5249 | Orc:2    | Reached skill level 6 in Hexes
  5249 | Orc:2    | Reached skill level 6 in Charms
  5249 | Orc:2    | Reached skill level 6 in Summonings
  5249 | Orc:2    | Reached skill level 6 in Necromancy
  5249 | Orc:2    | Reached skill level 6 in Translocations
  5249 | Orc:2    | Reached skill level 6 in Fire Magic
  5249 | Orc:2    | Reached skill level 6 in Ice Magic
  5249 | Orc:2    | Reached skill level 6 in Air Magic
  5249 | Orc:2    | Reached skill level 6 in Earth Magic
  5249 | Orc:2    | Reached skill level 6 in Poison Magic
  5251 | Orc:2    | Reached skill level 8 in Invocations
  5255 | Orc:2    | Killed an orc high priest
  5255 | Orc:2    | Reached skill level 9 in Spellcasting
  5279 | Orc:2    | Killed an orc warlord
  5288 | Orc:2    | Reached skill level 8 in Fighting
  5288 | Orc:2    | Reached skill level 10 in Unarmed Combat
  5384 | Orc:1    | Noticed Snorg
  5389 | Orc:1    | Killed Snorg
  5389 | Orc:1    | Reached skill level 9 in Dodging
  5548 | Orc:2    | Found Wucho's Antique Weapon Shoppe.
  5615 | Orc:2    | Found Poawyxua's General Store.
  5631 | Orc:2    | Upgraded the game from 0.21-a0-531-gacddea6 to 0.21-a0-536-gdbbf329
  5715 | Orc:2    | Reached XP level 13. HP: 98/98 MP: 15/28
  5724 | Orc:2    | Bought a pair of distressingly furry boots for 323 gold pieces
  5737 | Orc:2    | Identified the +3 pair of boots "Piwo" {Regen+ Slay+2} (You bought it in a shop on level 2 of the Orcish Mines)
  5785 | Orc:1    | Bought a wand of digging (14) for 612 gold pieces
  6055 | D:13     | Found a portal to a secret trove of treasure.
  6259 | D:14     | Reached skill level 8 in Short Blades
  6259 | D:14     | Reached skill level 8 in Long Blades
  6259 | D:14     | Reached skill level 8 in Axes
  6259 | D:14     | Reached skill level 8 in Maces & Flails
  6259 | D:14     | Reached skill level 8 in Polearms
  6259 | D:14     | Reached skill level 8 in Staves
  6259 | D:14     | Reached skill level 8 in Slings
  6259 | D:14     | Reached skill level 8 in Bows
  6259 | D:14     | Reached skill level 8 in Crossbows
  6259 | D:14     | Reached skill level 8 in Throwing
  6259 | D:14     | Reached skill level 8 in Armour
  6259 | D:14     | Reached skill level 8 in Stealth
  6259 | D:14     | Reached skill level 8 in Shields
  6259 | D:14     | Reached skill level 8 in Evocations
  6285 | D:15     | Entered Level 15 of the Dungeon
  6309 | D:15     | Found a labyrinth entrance.
  6324 | Lab      | Entered a labyrinth
  6495 | Lab      | Noticed a minotaur
  6500 | Lab      | Killed a minotaur
  6502 | Lab      | Found the ring of the Octopus King
  6522 | Lab      | Learned a level 1 spell: Confusing Touch
  6522 | Lab      | Got a ring of the Octopus King
  6522 | Lab      | Got a wavering bronze ring
  6526 | Lab      | Identified a ring of the Octopus King {rN+ AC+1 EV+1 Str+1 Int+1 Dex+1} (You found it in a labyrinth)
  6528 | Lab      | Identified the ring of the Illusory Hells {Wiz rPois} (You found it in a labyrinth)
  6535 | Lab      | Got a jewelled hunting sling
  6610 | D:15     | Reached skill level 9 in Invocations
  6699 | D:14     | Reached skill level 8 in Transmutations
  6736 | D:14     | Found a gate to the Vaults.
  6747 | D:14     | Reached skill level 7 in Conjurations
  6747 | D:14     | Reached skill level 7 in Hexes
  6747 | D:14     | Reached skill level 7 in Charms
  6747 | D:14     | Reached skill level 7 in Summonings
  6747 | D:14     | Reached skill level 7 in Necromancy
  6747 | D:14     | Reached skill level 7 in Translocations
  6747 | D:14     | Reached skill level 7 in Fire Magic
  6747 | D:14     | Reached skill level 7 in Ice Magic
  6747 | D:14     | Reached skill level 7 in Air Magic
  6747 | D:14     | Reached skill level 7 in Earth Magic
  6747 | D:14     | Reached skill level 7 in Poison Magic
  6753 | D:14     | Identified a scroll of acquirement
  6765 | D:14     | Learned a level 4 spell: Passage of Golubria
  6769 | D:14     | Got a scorched scale mail
  6780 | D:14     | Identified the +1 scale mail "Deqemoe" {+Blink} (You found it on level 14 of the Dungeon)
  6932 | D:12     | Found a sacrificial altar of Ru.
  6951 | D:12     | Learned a level 2 spell: Shroud of Golubria
  7020 | D:12     | Reached skill level 9 in Fighting
  7189 | D:10     | Found a radiant altar of Vehumet.
  7229 | D:9      | Learned a level 3 spell: Lesser Beckoning
  7230 | Lair:1   | Entered Level 1 of the Lair of Beasts
  7262 | Lair:1   | Reached skill level 10 in Spellcasting
  7350 | Lair:3   | Reached XP level 14. HP: 108/108 MP: 30/30
  7352 | Lair:2   | Found a staircase to the Swamp.
  7366 | Swamp:1  | Entered Level 1 of the Swamp
  7366 | Swamp:1  | Noticed Roxanne
  7423 | Swamp:1  | Killed Roxanne
  7424 | Swamp:1  | Identified Roxanne's Collected Works on the Rocks (You took it off Roxanne on level 1 of the Swamp)
  7434 | Swamp:1  | Learned a level 6 spell: Statue Form
  7455 | Swamp:1  | Reached skill level 10 in Dodging
  7508 | Swamp:1  | Reached skill level 11 in Unarmed Combat
  7511 | Swamp:1  | Reached skill level 9 in Short Blades
  7511 | Swamp:1  | Reached skill level 9 in Long Blades
  7511 | Swamp:1  | Reached skill level 9 in Axes
  7511 | Swamp:1  | Reached skill level 9 in Maces & Flails
  7511 | Swamp:1  | Reached skill level 9 in Polearms
  7511 | Swamp:1  | Reached skill level 9 in Staves
  7511 | Swamp:1  | Reached skill level 9 in Slings
  7511 | Swamp:1  | Reached skill level 9 in Bows
  7511 | Swamp:1  | Reached skill level 9 in Crossbows
  7511 | Swamp:1  | Reached skill level 9 in Throwing
  7511 | Swamp:1  | Reached skill level 9 in Armour
  7511 | Swamp:1  | Reached skill level 9 in Stealth
  7511 | Swamp:1  | Reached skill level 9 in Shields
  7511 | Swamp:1  | Reached skill level 9 in Evocations
  7548 | Swamp:2  | Learned a level 3 spell: Regeneration
  7673 | Swamp:3  | Noticed a thorn hunter
  7673 | Swamp:3  | Noticed a thorn hunter
  7682 | Swamp:3  | Killed a thorn hunter
  7683 | Swamp:3  | Killed a thorn hunter
  7709 | Swamp:3  | Reached skill level 10 in Invocations
  7750 | Swamp:4  | Entered Level 4 of the Swamp
  7798 | Swamp:4  | Noticed a tentacled monstrosity
  7804 | Swamp:4  | Killed a tentacled monstrosity
  7857 | Swamp:4  | Reached skill level 8 in Conjurations
  7857 | Swamp:4  | Reached skill level 8 in Hexes
  7857 | Swamp:4  | Reached skill level 8 in Charms
  7857 | Swamp:4  | Reached skill level 8 in Summonings
  7857 | Swamp:4  | Reached skill level 8 in Necromancy
  7857 | Swamp:4  | Reached skill level 8 in Translocations
  7857 | Swamp:4  | Reached skill level 8 in Fire Magic
  7857 | Swamp:4  | Reached skill level 8 in Ice Magic
  7857 | Swamp:4  | Reached skill level 8 in Air Magic
  7857 | Swamp:4  | Reached skill level 8 in Earth Magic
  7857 | Swamp:4  | Reached skill level 8 in Poison Magic
  7869 | Swamp:4  | Reached XP level 15. HP: 115/115 MP: 32/32
  7879 | Swamp:4  | Noticed a thorn hunter
  7897 | Swamp:4  | Reached skill level 9 in Transmutations
  7901 | Swamp:4  | Reached skill level 10 in Fighting
  7976 | Swamp:4  | Killed a thorn hunter
  8006 | Swamp:4  | Got a decaying rune of Zot
  8180 | Lair:3   | Reached skill level 11 in Spellcasting
  8206 | Lair:4   | Noticed Rupert
  8214 | Lair:4   | Learned a level 5 spell: Lee's Rapid Deconstruction
  8233 | Lair:4   | Noticed Urug
  8239 | Lair:4   | Killed Urug
  8252 | Lair:4   | Paralysed by Rupert for 4 turns
  8260 | Lair:4   | Killed Rupert
  8329 | Lair:4   | Identified the cursed +2 war axe "Wiguth" {flame, *Contam Dex+3 SInv} (You found it on level 4 of the Lair of Beasts)
  8335 | Lair:4   | Reached skill level 10 in Short Blades
  8335 | Lair:4   | Reached skill level 10 in Long Blades
  8335 | Lair:4   | Reached skill level 10 in Axes
  8335 | Lair:4   | Reached skill level 10 in Maces & Flails
  8335 | Lair:4   | Reached skill level 10 in Polearms
  8335 | Lair:4   | Reached skill level 10 in Staves
  8335 | Lair:4   | Reached skill level 10 in Slings
  8335 | Lair:4   | Reached skill level 10 in Bows
  8335 | Lair:4   | Reached skill level 10 in Crossbows
  8335 | Lair:4   | Reached skill level 10 in Throwing
  8335 | Lair:4   | Reached skill level 10 in Armour
  8335 | Lair:4   | Reached skill level 10 in Stealth
  8335 | Lair:4   | Reached skill level 10 in Shields
  8335 | Lair:4   | Reached skill level 10 in Evocations
  8447 | Lair:3   | Found a staircase to the Snake Pit.
  8465 | Snake:1  | Entered Level 1 of the Snake Pit
  8555 | Snake:2  | Reached skill level 11 in Dodging
  8571 | Snake:2  | Noticed a nagaraja
  8579 | Snake:2  | Killed a nagaraja
  8590 | Snake:2  | Reached skill level 11 in Invocations
  8602 | Snake:2  | Learned a level 3 spell: Spectral Weapon
  8641 | Snake:2  | You fall through a shaft!
  8664 | Snake:4  | Entered Level 4 of the Snake Pit
  8700 | Snake:4  | Reached skill level 12 in Unarmed Combat
  8755 | Snake:4  | Reached XP level 16. HP: 124/124 MP: 10/34
  8785 | Snake:4  | Noticed a nagaraja
  8792 | Snake:4  | Killed a nagaraja
  8853 | Snake:4  | Reached skill level 9 in Conjurations
  8853 | Snake:4  | Reached skill level 9 in Hexes
  8853 | Snake:4  | Reached skill level 9 in Charms
  8853 | Snake:4  | Reached skill level 9 in Summonings
  8853 | Snake:4  | Reached skill level 9 in Necromancy
  8853 | Snake:4  | Reached skill level 9 in Translocations
  8853 | Snake:4  | Reached skill level 9 in Fire Magic
  8853 | Snake:4  | Reached skill level 9 in Ice Magic
  8853 | Snake:4  | Reached skill level 9 in Air Magic
  8853 | Snake:4  | Reached skill level 9 in Earth Magic
  8853 | Snake:4  | Reached skill level 9 in Poison Magic
  8862 | Snake:4  | Noticed a nagaraja
  8867 | Snake:4  | Killed a nagaraja
  8882 | Snake:4  | Got a serpentine rune of Zot
  8942 | Snake:3  | Noticed Typee's ghost (adept OpFE)
  8951 | Snake:3  | Reached skill level 11 in Fighting
  8959 | Snake:3  | Learned a level 4 spell: Animate Dead
  8973 | Snake:3  | Killed Typee's ghost
  8990 | Snake:3  | Noticed a nagaraja
  8997 | Snake:3  | Killed a nagaraja
  8998 | Snake:3  | Noticed Vashnia
  9026 | Snake:3  | Killed Vashnia
  9078 | Snake:3  | Reached skill level 10 in Transmutations
  9180 | Lair:6   | Entered Level 6 of the Lair of Beasts
  9352 | Lair:6   | Reached skill level 11 in Short Blades
  9352 | Lair:6   | Reached skill level 11 in Long Blades
  9352 | Lair:6   | Reached skill level 11 in Axes
  9352 | Lair:6   | Reached skill level 11 in Maces & Flails
  9352 | Lair:6   | Reached skill level 11 in Polearms
  9352 | Lair:6   | Reached skill level 11 in Staves
  9352 | Lair:6   | Reached skill level 11 in Slings
  9352 | Lair:6   | Reached skill level 11 in Bows
  9352 | Lair:6   | Reached skill level 11 in Crossbows
  9352 | Lair:6   | Reached skill level 11 in Throwing
  9352 | Lair:6   | Reached skill level 11 in Armour
  9352 | Lair:6   | Reached skill level 11 in Stealth
  9352 | Lair:6   | Reached skill level 11 in Shields
  9352 | Lair:6   | Reached skill level 11 in Evocations
  9387 | Lair:6   | Reached skill level 12 in Spellcasting
  9392 | Lair:6   | Reached XP level 17. HP: 131/131 MP: 33/36
  9548 | Lair:6   | Found a staircase to the Slime Pits.
  9557 | Lair:6   | Reached skill level 12 in Invocations
  9569 | Slime:1  | Entered Level 1 of the Pits of Slime
  9592 | Slime:1  | Noticed an acid blob
  9592 | Slime:1  | Noticed an acid blob
  9596 | Slime:1  | Killed an acid blob
  9599 | Slime:1  | HP: 5/170 [acid (17)]
  9600 | Slime:1  | Reached skill level 12 in Dodging
  9600 | Slime:1  | Killed an acid blob
  9656 | Slime:2  | Noticed an acid blob
  9661 | Slime:2  | Killed an acid blob
  9686 | Slime:3  | Paralysed by a great orb of eyes for 4 turns
  9696 | Slime:3  | Paralysed by a great orb of eyes for 7 turns
  9697 | Slime:3  | Gained mutation: Armour fits poorly on your strangely shaped body. [a shining eye]
  9702 | Slime:3  | HP: 8/131 [azure jelly (7)]
  9702 | Slime:3  | HP: 1/131 [great orb of eyes (7)]
  9715 | Slime:3  | Learned a level 6 spell: Shadow Creatures
  9772 | Slime:3  | Noticed an acid blob
  9778 | Slime:3  | Killed an acid blob
  9810 | Slime:5  | Entered Level 5 of the Pits of Slime
  9816 | Slime:5  | Noticed an acid blob
  9818 | Slime:5  | Noticed an acid blob
  9826 | Slime:5  | Noticed an acid blob
  9830 | Slime:5  | Noticed the Royal Jelly
  9832 | Slime:5  | Killed an acid blob
  9841 | Slime:5  | Noticed an acid blob
  9842 | Slime:5  | Noticed an acid blob
  9846 | Slime:5  | HP: 16/171 [acid (8)]
  9846 | Slime:5  | HP: 3/171 [acid blob/splash of acid[the Royal Jelly] (13)]
  9846 | Slime:5  | Splashed by an acid blob's acid

Vault maps used:
D:1:      nagdon_arrival_double_spiral, nemelex_diamond_rough_becter
D:2:      grunt_dithmenos_smoke_and_mirrors, first_bread, minmay_tripent
D:3:      nicolae_gozag_cash_rules_everything_around_me
D:4:      temple_pool_b, minivault_11, minmay_snake_closets
D:5:      uniq_blork_the_orc, uniq_sigmund
D:6:      enter_ossuary_3, uniq_duvessa, uniq_edmund
D:7:      kennysheep_housing_project, lemuel_coloured_pillars_altar,
          lemuel_crystal_altar, serial_shops, shop_statue
D:8:      hangedman_pestilent_swarm, nicolae_tso_besieged_by_evil, uniq_pikel
D:9:      grunt_temple_overflow_order_and_chaos_2, erik_lair_island,
          uniq_joseph, uniq_psyche
D:10:     dragon1_lemuel, basic_altar
D:11:     david_orc_2, tgw_sif, uniq_nergalle
D:12:     small_statue_alley_a, nicolae_ru_path_of_blood
D:13:     nicolae_trove_entry_path_of_doom
D:14:     erik_vaults_1, amethyst_killhole, uniq_josephine, uniq_nessos
D:15:     hangedman_depths_entry_civil_slaughter, lab_entry_generic,
          serial_bayou_pond_e
Temple:   eino_temple_scatter_basement
Lair:1:   grunt_megastairs_2
Lair:2:   minmay_swamp_entry_reptiles
Lair:3:   guppyfry_snake_entry_garden
Lair:4:   st_stairs_12, uniq_rupert, uniq_urug
Lair:5:   st_stairs_7, grunt_megastairs_3, serial_bayou_shore_b
Lair:6:   evilmike_catoblepas_cave, minmay_slime_entry_pillars
Swamp:1:  serial_swamp_ruin, evilmike_swamp_ruin_rubble_1,
          evilmike_swamp_ruin_house_4, swamp_pool3, ldierk_geyser,
          cheibrodos_swamp_slimy, uniq_roxanne
Swamp:2:  evilmike_swamp_ruin_house_2, swamp_pool1, uniq_jorgrun
Swamp:3:  hangedman_swamp_pad
Swamp:4:  swamp_alternative, swamp_pool4
Snake:1:  minmay_shop_grove, grunt_megastairs_1, uniq_kirke, uniq_aizul,
          uniq_donald, uniq_frances
Snake:3:  uniq_vashnia
Snake:4:  grunt_snake_rune_pools, basic_altar, special_room
Slime:1:  basic_altar
Slime:4:  cheibrodos_slime_lost_civilization_7
Orc:1:    serial_shops, shop, uniq_snorg
Orc:2:    grunt_orc_gardens, grunt_orc_garden, grunt_orc_garden,
          grunt_orc_garden, grunt_orc_garden, uniq_sonja
Lab:      labyrinth_hidden_loot, nicolae_lab_lava, nicolae_lab_t_cross,
          nicolae_lab_do_over, nicolae_lab_garden, nicolae_lab_arrow,
          nicolae_lab_plus, nicolae_lab_diamond, nicolae_lab_checkerboard,
          nicolae_lab_starburst, nicolae_lab_big_swirl, nicolae_lab_blocks,
          labyrinth_skeletal_remains, nicolae_lab_dead_end, labyrinth_lava_lair,
          nicolae_lab_swirl, labyrinth_fake_exit, nicolae_lab_grate_2,
          labyrinth_glass_1
Ossuary:  ossuary_due_small_catacomb

Skill      XL: |  1  2  3  4  5  6  7  8  9 10 11 12 13 14 15 16 17 |
---------------+----------------------------------------------------+-----
Spellcasting   | 5 6 7 8 9 10 11 12 | 12.2
Short Blades   | 1 2 3 4 5 6 7 8 9 10 11 | 11.3
Long Blades    | 1 2 3 4 5 6 7 8 9 10 11 | 11.3
Axes           | 1 2 3 4 5 6 7 8 9 10 11 | 11.3
Maces & Flails | 1 2 3 4 5 6 7 8 9 10 11 | 11.3
Polearms       | 1 2 3 4 5 6 7 8 9 10 11 | 11.3
Staves         | 1 2 3 4 5 6 7 8 9 10 11 | 11.3
Slings         | 1 2 3 4 5 6 7 8 9 10 11 | 11.3
Bows           | 1 2 3 4 5 6 7 8 9 10 11 | 11.3
Crossbows      | 1 2 3 4 5 6 7 8 9 10 11 | 11.3
Throwing       | 1 2 3 4 5 6 7 8 9 10 11 | 11.3
Armour         | 1 2 3 4 5 6 7 8 9 10 11 | 11.3
Stealth        | 1 2 3 4 5 6 7 8 9 10 11 | 11.3
Shields        | 1 2 3 4 5 6 7 8 9 10 11 | 11.3
Conjurations   | 1 2 3 4 5 6 7 8 9 |  9.7
Hexes          | 1 2 3 4 5 6 7 8 9 |  9.7
Charms         | 1 2 3 4 5 6 7 8 9 |  9.7
Summonings     | 1 2 3 4 5 6 7 8 9 |  9.7
Necromancy     | 1 2 3 4 5 6 7 8 9 |  9.7
Translocations | 1 2 3 4 5 6 7 8 9 |  9.7
Fire Magic     | 1 2 3 4 5 6 7 8 9 |  9.7
Ice Magic      | 1 2 3 4 5 6 7 8 9 |  9.7
Air Magic      | 1 2 3 4 5 6 7 8 9 |  9.7
Earth Magic    | 1 2 3 4 5 6 7 8 9 |  9.7
Poison Magic   | 1 2 3 4 5 6 7 8 9 |  9.7
Invocations    | 1 2 3 4 5 6 7 8 9 10 11 12 | 12.2
Evocations     | 1 2 3 4 5 6 7 8 9 10 11 | 11.3
Fighting       | 3 4 5 6 7 8 9 10 11 | 11.6
Transmutations | 4 5 6 7 8 9 10 | 10.4
Dodging        | 5 6 7 8 9 10 11 12 | 12.1
Unarmed Combat | 7 8 9 10 11 12 | 12.8

Action                   |  1- 3 |  4- 6 |  7- 9 | 10-12 | 13-15 | 16-18 || total
-------------------------+-------+-------+-------+-------+-------+-------++-------
Melee: Unarmed           |    63 |    49 |   312 |   264 |   182 |    22 ||   892
       Kick              |     5 |       |       |       |       |       ||     5
       Bite              |     1 |     1 |     1 |    31 |   108 |    49 ||   191
       Punch             |     1 |       |       |     5 |     7 |       ||    13
       Headbutt          |     1 |       |       |       |       |       ||     1
       Broad axe         |       |       |       |       |   340 |   213 ||   553
Throw: Javelin           |       |     2 |       |       |     3 |       ||     5
 Cast: Beastly Appendage |    10 |       |       |       |       |       ||    10
       Sticks to Snakes  |     4 |     5 |    20 |     1 |     3 |     8 ||    41
       Spider Form       |     6 |    11 |    45 |    15 |       |       ||    77
       Summon Lightning  |       |       |     9 |    35 |    67 |    43 ||   154
       Ice Form          |       |       |     1 |     1 |       |       ||     2
       Animate Skeleton  |       |       |       |     4 |    10 |       ||    14
       Blade Hands       |       |       |       |    29 |     9 |       ||    38
       Apportation       |       |       |       |    36 |    95 |    28 ||   159
       Mephitic Cloud    |       |       |       |     2 |     2 |       ||     4
       Passage of Golubr |       |       |       |       |    94 |    48 ||   142
       Blink             |       |       |       |       |    36 |    19 ||    55
       Shroud of Golubri |       |       |       |       |     1 |       ||     1
       Statue Form       |       |       |       |       |    23 |    16 ||    39
       Regeneration      |       |       |       |       |    13 |    20 ||    33
       Lee's Rapid Decon |       |       |       |       |     4 |     3 ||     7
       Lesser Beckoning  |       |       |       |       |     4 |     2 ||     6
       Animate Dead      |       |       |       |       |       |     3 ||     3
       Spectral Weapon   |       |       |       |       |       |     5 ||     5
       Shadow Creatures  |       |       |       |       |       |     2 ||     2
Invok: Bend Time         |       |       |     2 |       |     2 |       ||     4
       Slouch            |       |       |       |     7 |     2 |     9 ||    18
       Temporal Distorti |       |       |       |       |       |     1 ||     1
       Step From Time    |       |       |       |       |       |     1 ||     1
 Abil: End Transformatio |       |       |     8 |    14 |     5 |     1 ||    28
       Evoke Invisibilit |       |       |       |     1 |     1 |       ||     2
Evoke: Wand              |       |       |     6 |    45 |    18 |    11 ||    80
       Lightning rod     |       |       |       |       |     6 |     4 ||    10
  Use: Scroll            |       |     7 |    10 |     6 |    28 |    11 ||    62
       Potion            |       |     1 |     3 |     2 |     4 |     6 ||    16
 Stab: Sleeping          |     1 |     2 |    16 |     3 |    12 |     3 ||    37
       Distracted        |       |       |     2 |    13 |    21 |    19 ||    55
       Invisible         |       |       |       |     3 |     2 |       ||     5
       Confused          |       |       |       |       |     1 |       ||     1
       Paralysed         |       |       |       |       |       |     1 ||     1
  Eat: Royal jelly       |     1 |       |     1 |     1 |       |       ||     3
       Chunk             |       |     2 |     2 |     3 |     6 |       ||    13
       Fruit             |       |       |     2 |     9 |       |       ||    11
       Meat ration       |       |       |       |       |     2 |     1 ||     3
       Bread ration      |       |       |       |       |     1 |       ||     1
Armor: Robe              |     8 |       |     3 |       |    10 |    18 ||    39
       Skin              |     1 |     2 |     6 |     6 |   165 |   157 ||   337
       Ring mail         |       |       |       |     1 |       |       ||     1
       Leather armour    |       |       |       |    22 |     1 |       ||    23
       Troll leather arm |       |       |       |    14 |    36 |       ||    50
Dodge: Dodged            |    48 |    41 |   233 |   237 |   547 |   393 ||  1499
Block: Shield            |       |       |       |       |   584 |   373 ||   957

Table legend:
 A = Spawn XP
 B = Non-spawn XP
 C = Spawn XP percentage of total XP
 D = Spawn monster count
 E = Non-spawn monster count
 F = Spawn count percentage of total count
 G = Total turns spent on level
                    A         B        C        D         E        F      G
               +---------+---------+-------+---------+---------+-------+---------
         Total |       0 |  210284 |   0.0 |       0 |     919 |   0.0 |  9846
               +---------+---------+-------+---------+---------+-------+---------
           D:1 |       0 |      17 |   0.0 |       0 |      10 |   0.0 |   338
           D:2 |       0 |      14 |   0.0 |       0 |       9 |   0.0 |   375
           D:3 |       0 |      21 |   0.0 |       0 |      11 |   0.0 |   358
           D:4 |       0 |     397 |   0.0 |       0 |      24 |   0.0 |   399
           D:5 |       0 |     664 |   0.0 |       0 |      18 |   0.0 |   487
           D:6 |       0 |    1475 |   0.0 |       0 |      36 |   0.0 |   605
           D:7 |       0 |    1316 |   0.0 |       0 |      57 |   0.0 |   534
           D:8 |       0 |    2447 |   0.0 |       0 |      22 |   0.0 |   358
           D:9 |       0 |    1384 |   0.0 |       0 |      19 |   0.0 |   282
          D:10 |       0 |    1974 |   0.0 |       0 |      11 |   0.0 |   248
          D:11 |       0 |    3273 |   0.0 |       0 |      42 |   0.0 |   515
          D:12 |       0 |    1578 |   0.0 |       0 |       8 |   0.0 |   300
          D:13 |       0 |    6581 |   0.0 |       0 |      31 |   0.0 |   367
          D:14 |       0 |    5052 |   0.0 |       0 |      24 |   0.0 |   224
          D:15 |       0 |    4669 |   0.0 |       0 |      19 |   0.0 |   180
        Lair:1 |       0 |    2232 |   0.0 |       0 |      11 |   0.0 |    41
        Lair:2 |       0 |    1198 |   0.0 |       0 |       7 |   0.0 |   114
        Lair:3 |       0 |    3533 |   0.0 |       0 |      20 |   0.0 |   136
        Lair:4 |       0 |    7751 |   0.0 |       0 |      18 |   0.0 |   234
        Lair:5 |       0 |    2236 |   0.0 |       0 |       7 |   0.0 |    64
        Lair:6 |       0 |   17553 |   0.0 |       0 |      58 |   0.0 |   355
       Swamp:1 |       0 |    9112 |   0.0 |       0 |      29 |   0.0 |   154
       Swamp:2 |       0 |    3852 |   0.0 |       0 |      13 |   0.0 |   155
       Swamp:3 |       0 |    9254 |   0.0 |       0 |      30 |   0.0 |   189
       Swamp:4 |       0 |   22541 |   0.0 |       0 |      45 |   0.0 |   213
       Snake:2 |       0 |    9504 |   0.0 |       0 |      22 |   0.0 |   194
       Snake:3 |       0 |   16071 |   0.0 |       0 |      24 |   0.0 |   188
       Snake:4 |       0 |   29092 |   0.0 |       0 |      73 |   0.0 |   270
       Slime:1 |       0 |   11856 |   0.0 |       0 |      19 |   0.0 |    87
       Slime:2 |       0 |    4266 |   0.0 |       0 |       8 |   0.0 |    47
       Slime:3 |       0 |    5781 |   0.0 |       0 |       8 |   0.0 |    84
       Slime:4 |       0 |     645 |   0.0 |       0 |       2 |   0.0 |    23
       Slime:5 |       0 |    2566 |   0.0 |       0 |       3 |   0.0 |    36
         Orc:1 |       0 |    6278 |   0.0 |       0 |      59 |   0.0 |   544
         Orc:2 |       0 |   12227 |   0.0 |       0 |      82 |   0.0 |   554
           Lab |       0 |    1642 |   0.0 |       0 |       8 |   0.0 |   217
       Ossuary |       0 |     232 |   0.0 |       0 |      32 |   0.0 |   319
               +---------+---------+-------+---------+---------+-------+---------

Table legend:
 A = Turns spent in this place as a percentage of turns spent in the entire game.
 B = Non-inter-level travel turns spent in this place as a percentage of non-inter-level travel turns spent in the entire game.
 C = Inter-level travel turns spent in this place as a percentage of turns spent in this place.
 D = Turns resting spent in this place as a percentage of non-inter-level travel turns spent in this place.
 E = Turns spent auto-exploring this place as a percentage of non-inter-level travel turns spent in this place.
 F = Non-inter-level travel turns spent in this place divided by the number of levels of this place that you've seen.
                   A       B       C       D       E      F
               +-------+-------+-------+-------+-------+----------------------
         Total | 100.0 | 100.0 |   2.7 |   0.0 |   1.2 | 245.5
       Dungeon |  56.6 |  56.6 |   2.6 |   0.0 |   0.9 | 361.5
        Temple |   0.3 |   0.3 |   0.0 |   0.0 |   0.0 |  26.0
          Lair |   9.6 |   9.9 |   0.0 |   0.0 |   0.0 | 157.3
         Swamp |   7.2 |   7.4 |   0.0 |   0.0 |   0.0 | 177.8
     Snake Pit |   6.9 |   7.1 |   0.0 |   0.0 |   0.0 | 171.0
    Slime Pits |   2.8 |   2.9 |   0.0 |   0.0 |   0.0 |  55.4
  Orcish Mines |  11.2 |  10.2 |  11.2 |   0.0 |   7.1 | 487.5
     Labyrinth |   2.2 |   2.3 |   0.0 |   0.0 |   0.0 | 217.0
       Ossuary |   3.2 |   3.3 |   0.0 |   0.0 |   0.0 | 319.0
               +-------+-------+-------+-------+-------+----------------------

Table legend:
 A = Kills in this place as a percentage of kills in entire the game.
 B = Kills by you in this place as a percentage of kills by you in the entire game.
 C = Kills by friends in this place as a percentage of kills by friends in the entire game.
 D = Other kills in this place as a percentage of other kills in the entire game.
 E = Experience gained in this place as a percentage of experience gained in the entire game.
 F = Experience gained in this place divided by the number of levels of this place that you have seen.
                   A       B       C       D       E      F
               +-------+-------+-------+-------+-------+----------------------
         Total | 100.0 | 100.0 | 100.0 | 100.0 | 100.0 | 5391.9
       Dungeon |  37.1 |  36.2 |  40.1 |   0.0 |  14.7 | 2057.5
          Lair |  13.2 |  13.5 |  11.9 |  50.0 |  16.4 | 5750.5
         Swamp |  12.7 |  14.8 |   6.6 |   0.0 |  21.3 | 11189.8
     Snake Pit |  12.9 |  11.9 |  15.9 |  50.0 |  26.0 | 13666.8
    Slime Pits |   4.4 |   3.5 |   7.0 |   0.0 |  11.9 | 5022.8
  Orcish Mines |  15.3 |  15.2 |  15.9 |   0.0 |   8.8 | 9252.5
     Labyrinth |   0.9 |   0.4 |   2.2 |   0.0 |   0.8 | 1642.0
       Ossuary |   3.5 |   4.5 |   0.4 |   0.0 |   0.1 | 232.0
               +-------+-------+-------+-------+-------+----------------------

Vault maps used:
D:1:      nagdon_arrival_double_spiral, nemelex_diamond_rough_becter
D:2:      grunt_dithmenos_smoke_and_mirrors, first_bread, minmay_tripent
D:3:      nicolae_gozag_cash_rules_everything_around_me
D:4:      temple_pool_b, minivault_11, minmay_snake_closets
D:5:      uniq_blork_the_orc, uniq_sigmund
D:6:      enter_ossuary_3, uniq_duvessa, uniq_edmund
D:7:      kennysheep_housing_project, lemuel_coloured_pillars_altar,
          lemuel_crystal_altar, serial_shops, shop_statue
D:8:      hangedman_pestilent_swarm, nicolae_tso_besieged_by_evil, uniq_pikel
D:9:      grunt_temple_overflow_order_and_chaos_2, erik_lair_island,
          uniq_joseph, uniq_psyche
D:10:     dragon1_lemuel, basic_altar
D:11:     david_orc_2, tgw_sif, uniq_nergalle
D:12:     small_statue_alley_a, nicolae_ru_path_of_blood
D:13:     nicolae_trove_entry_path_of_doom
D:14:     erik_vaults_1, amethyst_killhole, uniq_josephine, uniq_nessos
D:15:     hangedman_depths_entry_civil_slaughter, lab_entry_generic,
          serial_bayou_pond_e
Temple:   eino_temple_scatter_basement
Lair:1:   grunt_megastairs_2
Lair:2:   minmay_swamp_entry_reptiles
Lair:3:   guppyfry_snake_entry_garden
Lair:4:   st_stairs_12, uniq_rupert, uniq_urug
Lair:5:   st_stairs_7, grunt_megastairs_3, serial_bayou_shore_b
Lair:6:   evilmike_catoblepas_cave, minmay_slime_entry_pillars
Swamp:1:  serial_swamp_ruin, evilmike_swamp_ruin_rubble_1,
          evilmike_swamp_ruin_house_4, swamp_pool3, ldierk_geyser,
          cheibrodos_swamp_slimy, uniq_roxanne
Swamp:2:  evilmike_swamp_ruin_house_2, swamp_pool1, uniq_jorgrun
Swamp:3:  hangedman_swamp_pad
Swamp:4:  swamp_alternative, swamp_pool4
Snake:1:  minmay_shop_grove, grunt_megastairs_1, uniq_kirke, uniq_aizul,
          uniq_donald, uniq_frances
Snake:3:  uniq_vashnia
Snake:4:  grunt_snake_rune_pools, basic_altar, special_room
Slime:1:  basic_altar
Slime:4:  cheibrodos_slime_lost_civilization_7
Orc:1:    serial_shops, shop, uniq_snorg
Orc:2:    grunt_orc_gardens, grunt_orc_garden, grunt_orc_garden,
          grunt_orc_garden, grunt_orc_garden, uniq_sonja
Lab:      labyrinth_hidden_loot, nicolae_lab_lava, nicolae_lab_t_cross,
          nicolae_lab_do_over, nicolae_lab_garden, nicolae_lab_arrow,
          nicolae_lab_plus, nicolae_lab_diamond, nicolae_lab_checkerboard,
          nicolae_lab_starburst, nicolae_lab_big_swirl, nicolae_lab_blocks,
          labyrinth_skeletal_remains, nicolae_lab_dead_end, labyrinth_lava_lair,
          nicolae_lab_swirl, labyrinth_fake_exit, nicolae_lab_grate_2,
          labyrinth_glass_1
Ossuary:  ossuary_due_small_catacomb
